 Dungeon Crawl Stone Soup version 0.22-a0-596-gfbd32a6 (webtiles) character file.

16 iamserjio the Skirmisher (level 2, 0/36 HPs)
             Began as a Demonspawn Berserker on July 5, 2018.
             Was a Follower of Trog.
             Slain by an adder (2 damage)
             ... on level 2 of the Dungeon.
             The game lasted 00:01:39 (252 turns).

iamserjio the Skirmisher (Demonspawn Berserker)      Turns: 252, Time: 00:01:40

Health: 0/36       AC:  2    Str: 22    XL:     2   Next: 41%
Magic:  2/2        EV: 12    Int:  8    God:    Trog [*.....]
Gold:   9          SH:  0    Dex: 12    Spells: 1/1 levels left

rFire    . . .     SeeInvis .   a - +0 hand axe
rCold    . . .     Gourm    .   (no shield)
rNeg     . . .     Faith    .   b - +0 animal skin
rPois    .         Spirit   .   (helmet restricted)
rElec    .         Reflect  .   (no cloak)
rCorr    .         Harm     .   (no gloves)
MR       .....                  (no boots)
Stlth    ..........             (no amulet)
HPRegen  0.12/turn              (no ring)
MPRegen  0.08/turn              (no ring)

@: berserking, lethally poisoned (0 -> -6), very quick
A: horns 1
a: Berserk, Renounce Religion


You were on level 2 of the Dungeon.
You worshipped Trog.
Trog was aware of your devotion.
You were hungry.

You visited 1 branch of the dungeon, and saw 2 of its levels.

You collected 9 gold pieces.

Inventory:

Hand Weapons
 a - a +0 hand axe (weapon)
Armour
 b - a +0 animal skin (worn)
 e - a +0 helmet
Jewellery
 h - a +3 ring of protection {unknown}
Scrolls
 d - 2 scrolls of remove curse {unknown}
 f - a scroll of identify {unknown}
 j - 2 scrolls of immolation {unknown}
Potions
 g - a potion of might {unknown}
Comestibles
 c - 2 rations
 i - 6 chunks of flesh


   Skills:
 + Level 3.2 Fighting
 * Level 3.1 Axes
 + Level 2.0 Armour
 - Level 1.7 Dodging


You had one spell level left.
You didn't know any spells.
Your spell library was empty.

Dungeon Overview and Level Annotations

Branches:
Dungeon (2/15)

Altars:


Innate Abilities, Weirdness & Mutations

You have a pair of small horns on your head.


Message History

You are more poisoned.
The adder poisons you!
A red film seems to cover your vision as you go berserk!
You feel yourself moving faster!
You feel mighty!
You are feeling hungry.
* * * LOW HITPOINT WARNING * * *
You feel sick. The adder barely misses you.
You miss the adder.
* * * LOW HITPOINT WARNING * * *
You feel sick. The adder bites you but does no damage.
You closely miss the adder. Your headbutt misses the adder.
* * * LOW HITPOINT WARNING * * *
You feel sick. The adder barely misses you.
You barely miss the adder. Your headbutt misses the adder. The adder bites you.
* * * LOW HITPOINT WARNING * * *
You slash the adder! Your headbutt misses the adder.
The adder is heavily wounded.
* * * LOW HITPOINT WARNING * * *
You feel sick. The adder bites you.
You die...

#..##.#.. #..##.#.# .
##.....#.### # ..
#.....)#...##.#..
#........#.....#
######..........##..#
.##...#'##+##.......#
.##...#.# .##.#.##.##
..#...#.# .##.#.@S.#
#.#...#.# .##.######
#.....#.# .##.#
##...†..# .##..
#......# .####
##.....##.#
#.........#
#.#.##.#### #.#(.#.#


You could see an adder.

Vanquished Creatures
  A worm (D:2)
  A leopard gecko (D:1)
  A bat (D:2)
  6 goblins
  A hobgoblin (D:2)
  A rat (D:1)
11 creatures vanquished.

Notes
Turn   | Place    | Note
-------+----------+-------------------------------------------
     0 | D:1      | iamserjio the Demonspawn Berserker began the quest for the Orb.
     0 | D:1      | Reached XP level 1. HP: 18/18 MP: 1/1
   134 | D:1      | Gained mutation: You have a pair of small horns on your head. [demonic ancestry]
   134 | D:1      | Reached XP level 2. HP: 6/24 MP: 2/2
   252 | D:2      | Slain by an adder

Vault maps used:
D:1:      evilmike_arrival_crescent, serial_bayou_pond_a
D:2:      overflow_temple_1_default, makhleb_altar_promises_db,
          patterned_corridor

Skill      XL: |  1 |
---------------+----+-----
Axes           | 3 |  3.1
Armour         | 2 |  2.0
Fighting       | |  3.2
Dodging        | |  1.7

Action                   || total
-------------------------++-------
Melee: Hand axe          ||    35
Invok: Berserk           ||     3
Armor: Animal skin       ||     6
Dodge: Dodged            ||    18

Table legend:
 A = Spawn XP
 B = Non-spawn XP
 C = Spawn XP percentage of total XP
 D = Spawn monster count
 E = Non-spawn monster count
 F = Spawn count percentage of total count
 G = Total turns spent on level
                    A         B        C        D         E        F      G
               +---------+---------+-------+---------+---------+-------+---------
         Total |       0 |      24 |   0.0 |       0 |      11 |   0.0 |   252
               +---------+---------+-------+---------+---------+-------+---------
           D:1 |       0 |      13 |   0.0 |       0 |       7 |   0.0 |   166
           D:2 |       0 |      11 |   0.0 |       0 |       4 |   0.0 |    86
               +---------+---------+-------+---------+---------+-------+---------
